 Dungeon Crawl Stone Soup version 0.23-a0-182-g58cdd98 (webtiles) character file.

432 Felrender the Slasher (level 6, 0/79 HPs)
             Began as a Draconian Berserker on Sept 20, 2018.
             Was a Believer of Trog.
             Succumbed to a water moccasin's poison
             ... on level 4 of the Dungeon.
             The game lasted 00:13:33 (4693 turns).

Felrender the Slasher (Draconian Berserker)         Turns: 4693, Time: 00:13:34

Health: 0/79       AC:  6    Str: 26    XL:     6   Next: 67%
Magic:  6/6        EV: 11    Int:  8    God:    Trog [**....]
Gold:   171        SH: 10    Dex: 10    Spells: 5/5 levels left

rFire    . . .     SeeInvis .   i - +0 falchion
rCold    . . .     Gourm    .   c - +1 shield
rNeg     . . .     Faith    .   (armour unavailable)
rPois    .         Spirit   .   (helmet restricted)
rElec    .         Reflect  .   (no cloak)
rCorr    .         Harm     .   (no gloves)
MR       .....                  (no boots)
Stlth    ..........             (no amulet)
HPRegen  0.23/turn              (no ring)
MPRegen  0.10/turn              (no ring)

@: berserking (expiring), lethally poisoned (0 -> -23), very quick
A: unfitting armour, cold-blooded, AC +6
a: Berserk, Trog's Hand, Renounce Religion


You were on level 4 of the Dungeon.
You worshipped Trog.
Trog was pleased with you.
You were full.

You visited 1 branch of the dungeon, and saw 4 of its levels.

You collected 171 gold pieces.

Inventory:

Hand Weapons
 f - a +1 short sword of draining
 i - a +0 falchion (weapon)
 j - a cursed -1 dagger
Armour
 c - a +1 shield (worn)
Jewellery
 k - an uncursed ring of magical power {unknown}
Wands
 h - a wand of acid (8)
Scrolls
 g - a scroll of remove curse
 l - a scroll of teleportation
Potions
 d - a potion of haste
 e - a potion of curing {unknown}
Comestibles
 b - 2 rations


   Skills:
 + Level 4.5 Fighting
 + Level 5.3 Long Blades
 + Level 4.1 Dodging
 + Level 0.7 Stealth
 + Level 2.3 Shields


You had 5 spell levels left.
You didn't know any spells.
Your spell library was empty.

Dungeon Overview and Level Annotations

Branches:
Dungeon (4/15)
 Temple: D:4-7

Altars:
Ru


Innate Abilities, Weirdness & Mutations

Your plain brown scales are hard. (AC +6)
You cannot fit into any form of body armour.
You are cold-blooded and may be slowed by cold attacks.


Message History

The water moccasin is almost dead.
* * * LOW HITPOINT WARNING * * *
You feel sick. The water moccasin barely misses you.
You hit the water moccasin.
You kill the water moccasin!
Trog accepts your kill.
Your Dodging skill increases to level 4!
* * * LOW HITPOINT WARNING * * *
You feel sick.
You are too berserk!
You are too berserk!
There is a lethal amount of poison in your body!
There is a lethal amount of poison in your body!
* * * LOW HITPOINT WARNING * * *
You feel sick.
You are too berserk!
You feel a strong urge to attack something.
* * * LOW HITPOINT WARNING * * *
You feel sick.
You die...

# .# # .#
#.########.#
#.....#.<..#####
.####....^.......
.........@.......
.#....#.#........
####.......##...
.....##..# ..
####### ..# . ..#
..# ..#


There were no monsters in sight!

Vanquished Creatures
  A water moccasin (D:4)
  A phantom (D:2)
  Terence (D:3)
  2 orc wizards (D:3)
  7 adders
  2 worms (D:3)
  3 dart slugs
  4 leopard geckos
  7 orcs (D:3)
  2 giant cockroaches (D:3)
  8 goblins
  8 hobgoblins
  5 jackals
  A ball python (D:1)
  8 bats
  A frilled lizard (D:2)
  11 kobolds
  7 rats
79 creatures vanquished.

Notes
Turn   | Place    | Note
-------+----------+-------------------------------------------
     0 | D:1      | Felrender the Draconian Berserker began the quest for the
                  | Orb.
     0 | D:1      | Reached XP level 1. HP: 19/19 MP: 1/1
   421 | D:1      | Reached XP level 2. HP: 15/26 MP: 2/2
  1295 | D:1      | Reached XP level 3. HP: 33/33 MP: 3/3
  1911 | D:2      | Noticed a phantom
  1925 | D:2      | Killed a phantom
  1925 | D:2      | Reached ** piety under Trog
  1925 | D:2      | Reached skill level 4 in Long Blades
  1925 | D:2      | Reached skill level 1 in Shields
  1925 | D:2      | Reached XP level 4. HP: 36/40 MP: 4/4
  1968 | D:2      | Reached XP level 5. HP: 32/46 MP: 5/5
  2994 | D:3      | Noticed Terence
  3007 | D:3      | Killed Terence
  3983 | D:3      | Reached XP level 6. HP: 48/53 MP: 6/6
  4071 | D:3      | Reached skill level 5 in Long Blades
  4320 | D:3      | Found a sacrificial altar of Ru.
  4672 | D:4      | Noticed a water moccasin
  4690 | D:4      | Killed a water moccasin
  4691 | D:4      | HP: 3/79 [poisoned by a water moccasin]
  4693 | D:4      | Succumbed to a water moccasin's poison

Vault maps used:
D:1:      kennysheep_arrival_seaside
D:3:      nicolae_ru_the_path_less_chosen, first_ration, uniq_terence
D:4:      minmay_temple_entry_butterflies, serial_shops,
          nicolae_shop_behind_doors, gup_sewer_entry_bubbles, uniq_duvessa

Skill      XL: |  1  2  3  4  5  6 |
---------------+-------------------+-----
Dodging        | 3 4 |  4.1
Fighting       | 4 |  4.5
Long Blades    | 4 5 |  5.3
Shields        | 1 2 |  2.3
Stealth        | |  0.7

Action                   |  1- 3 |  4- 6 || total
-------------------------+-------+-------++-------
Melee: Falchion          |   126 |   166 ||   292
       Tailslap          |    12 |    16 ||    28
Invok: Berserk           |     2 |     5 ||     7
       Trog's Hand       |       |     2 ||     2
  Use: Scroll            |     4 |     3 ||     7
       Potion            |       |     1 ||     1
 Stab: Sleeping          |       |     1 ||     1
  Eat: Chunk             |     4 |       ||     4
       Ration            |     1 |     5 ||     6
Armor: Skin              |    46 |    31 ||    77
Dodge: Dodged            |    72 |    52 ||   124
Block: Shield            |    30 |    74 ||   104
       Rpst.: Falchion   |    21 |    19 ||    40

Table legend:
 A = Non-vault XP
 B = Vault XP
 C = Vault XP percentage of total XP
 D = Non-vault monster count
 E = Vault monster count
 F = Vault count percentage of total count
                 A         B        C        D         E       F
            +---------+---------+-------+---------+---------+-------
      Total |     582 |      36 |   5.8 |      78 |       1 |   1.3
            +---------+---------+-------+---------+---------+-------
        D:1 |      47 |       0 |   0.0 |      25 |       0 |   0.0
        D:2 |     172 |       0 |   0.0 |      16 |       0 |   0.0
        D:3 |     210 |      36 |  14.6 |      36 |       1 |   2.7
        D:4 |     153 |       0 |   0.0 |       1 |       0 |   0.0
            +---------+---------+-------+---------+---------+-------
